 Dungeon Crawl Stone Soup version 0.23.2-1-ga50397a6bc (webtiles) character file.

Game seed: 12393204976861148757

172 Marnok the Covered (level 5, -4/47 HPs)
             Began as a Minotaur Fighter on Apr 20, 2019.
             Slain by an ogre
             ... wielding a +0 giant club
              (30 damage)
             ... on level 3 of the Dungeon.
             The game lasted 00:04:17 (1671 turns).

Marnok the Covered (Minotaur Fighter)               Turns: 1671, Time: 00:04:17

Health: -4/47      AC:  7    Str: 27    XL:     5   Next: 27%
Magic:  4/4        EV:  8    Int:  5    God:
Gold:   64         SH: 10    Dex:  9    Spells: 4/4 levels left

rFire    + . .     SeeInvis .   a - +0 long sword
rCold    . . .     Gourm    +   c - +0 shield
rNeg     . . .     Faith    .   b - +0 scale mail
rPois    +         Spirit   .   (helmet restricted)
rElec    .         Reflect  .   (no cloak)
rCorr    .         Harm     .   (no gloves)
MR       .....                  (no boots)
Stlth    ..........             i - amulet of the gourmand
HPRegen  0.15/turn              g - ring of poison resistance
MPRegen  0.09/turn              r - ring of protection from fire

@: mighty
A: retaliatory headbutt, horns 2
a: no special abilities


You were on level 3 of the Dungeon.
You were completely stuffed.

You visited 1 branch of the dungeon, and saw 3 of its levels.

You collected 64 gold pieces.

Inventory:

Hand Weapons
 a - a +0 long sword (weapon)
Armour
 b - a +0 scale mail (worn)
 c - a +0 shield (worn)
Jewellery
 g - a ring of poison resistance (left hand)
 i - an amulet of the gourmand (around neck)
 r - a ring of protection from fire (right hand)
Scrolls
 e - 2 scrolls of amnesia {unknown}
 j - 5 scrolls of remove curse {unknown}
 k - 2 scrolls of identify {unknown}
 n - a scroll of teleportation {unknown}
 o - a scroll of magic mapping {unknown}
 s - a scroll of random uselessness {unknown}
Potions
 d - 2 potions of might
 h - 2 potions of magic {unknown}
 l - a potion of degeneration {unknown}
 m - a potion of cancellation {unknown}
 q - a potion of brilliance {unknown}
Comestibles
 f - 4 rations
 p - 4 chunks of flesh


   Skills:
 + Level 4.5 Fighting
 + Level 4.3 Long Blades
 + Level 4.6 Armour
 + Level 0.5 Dodging
 + Level 0.1 Stealth
 + Level 4.6 Shields


You had 4 spell levels left.
You didn't know any spells.
Your spell library was empty.

Dungeon Overview and Level Annotations

Branches:
Dungeon (3/15)

Altars:


Innate Abilities, Weirdness & Mutations

You reflexively headbutt those who attack you in melee.
You have a pair of horns on your head.


Message History

You kill the kobold!
Things that are here:
a kobold corpse; a worm corpse You butcher the worm corpse.
p - 5 chunks of flesh (gained 2)
You see here a kobold corpse.
You now have 64 gold pieces (gained 8).
Eating one of 5 chunks of flesh.
You eat one of the 5 chunks of flesh.
This raw flesh tastes great.
You see here a kobold corpse.
An ogre comes into view. It is wielding a +0 giant club.
You feel very mighty all of a sudden.
You hit the ogre. You headbutt the ogre!
The ogre is heavily wounded.
The ogre hits you with a +0 giant club!!
You barely miss the ogre. Your headbutt misses the ogre.
The ogre is heavily wounded.
The ogre hits you with a +0 giant club!!
Ouch! That really hurt!
You die...

#.# #.# #.# .#
#.######.####.#
#
#.............#
########.###..#
#<.....#
#..##.##
#..##.# #..##.#
#.@##.# #.O.#..
#...# #...#
#?... ##....
##.## .#


You could see an ogre.

Vanquished Creatures
  A centaur (D:2)
  An adder (D:2)
  An ooze (D:3)
  3 worms
  4 dart slugs
  2 leopard geckos
  An orc (D:3)
  4 giant cockroaches
  10 goblins
  5 hobgoblins
  A ball python (D:2)
  9 bats
  5 frilled lizards
  9 kobolds
  6 rats
62 creatures vanquished.

Notes
Turn   | Place    | Note
-------+----------+-------------------------------------------
     0 | D:1      | Marnok the Minotaur Fighter began the quest for the Orb.
     0 | D:1      | Reached XP level 1. HP: 19/19 MP: 0/0
   148 | D:1      | Reached XP level 2. HP: 27/27 MP: 1/1
   581 | D:1      | Reached XP level 3. HP: 33/33 MP: 2/2
   751 | D:2      | Noticed a centaur
   758 | D:2      | Killed a centaur
   758 | D:2      | Reached XP level 4. HP: 27/41 MP: 3/3
  1025 | D:2      | Reached XP level 5. HP: 47/47 MP: 4/4
  1257 | D:2      | Found a faded altar of an unknown god.
  1666 | D:3      | Noticed an ogre
  1671 | D:3      | Slain by an ogre

Skill      XL: |  1  2  3 |
---------------+----------+-----
Shields        | 4 |  4.6
Fighting       | 4 |  4.5
Armour         | 4 |  4.6
Long Blades    | 3 4 |  4.3
Dodging        | |  0.5
Stealth        | |  0.1

Action                   |  1- 3 |  4- 6 || total
-------------------------+-------+-------++-------
Melee: Long sword        |    66 |    72 ||   138
       Headbutt          |     9 |    12 ||    21
  Use: Potion            |       |     1 ||     1
  Eat: Chunk             |     9 |     4 ||    13
Armor: Scale mail        |    30 |    29 ||    59
Dodge: Dodged            |    24 |    18 ||    42
Block: Shield            |    47 |    39 ||    86
       Rpst.: Long sword |     6 |     3 ||     9
